 Dungeon Crawl Stone Soup version 0.25-b1-46-gb8a1ec05df (webtiles) character file.

Game seed: 16810768038307199754

25 lepoulpe303 the Vexing (level 3, 0/20 HPs)
             Began as a Kobold Arcane Marksman on June 9, 2020.
             Slain by an adder (3 damage)
             ... on level 2 of the Dungeon.
             The game lasted 00:03:58 (1211 turns).

lepoulpe303 the Vexing (Kobold Arcane Marksman)     Turns: 1211, Time: 00:03:59

Health: 0/20       AC:  2    Str:  8    XL:     3   Next: 17%
Magic:  0/5        EV: 15    Int: 14    God:
Gold:   64         SH:  0    Dex: 15    Spells: 2/5 levels left

rFire    . . .     SeeInvis .   a - +0 dagger
rCold    . . .     Gourm    .   (shield restricted)
rNeg     . . .     Faith    .   f - +0 robe
rPois    .         Spirit   .   (no helmet)
rElec    .         Reflect  .   (no cloak)
rCorr    .         Harm     .   (no gloves)
MR       .....                  (no boots)
Stlth    +.........             (no amulet)
HPRegen  0.06/turn              (no ring)
MPRegen  0.09/turn              (no ring)

@: lethally poisoned (0 -> -7)
A: small, carnivore
a: no special abilities


You were on level 2 of the Dungeon.
You were completely stuffed.

You visited 1 branch of the dungeon, and saw 2 of its levels.

You collected 64 gold pieces.

Inventory:

Hand Weapons
 a - a +0 dagger (weapon)
 b - a +0 hand crossbow
Missiles
 Q - 27 bolts
Armour
 f - a +0 robe (worn)
Scrolls
 d - 2 scrolls of remove curse {unknown}
 i - a scroll of identify
Potions
 c - a potion of berserk rage {unknown}
 g - a potion of heal wounds {unknown}
 h - a potion of haste {unknown}
 k - a potion of curing {unknown}
Comestibles
 e - 4 rations
 j - a chunk of flesh


   Skills:
 + Level 1.4 Fighting
 + Level 0.2 Short Blades
 * Level 2.9 Crossbows
 + Level 2.7 Dodging
 * Level 1.6 Spellcasting
 * Level 3.2 Hexes


You had 2 spell levels left.
You knew the following spells:

 Your Spells              Type           Power        Failure   Level  Hunger
s - Slow                  Hex            ##......     10%         2    ###....
v - Corona                Hex            ##.....      6%          1    ##.....

Your spell library contained the following spells:

 Spells                   Type           Power        Failure   Level  Hunger
 Inner Flame              Hex/Fire       #.......     36%         3    ####...
 Portal Projectile        Hex/Tloc       #.....       36%         3    ####...
 Cause Fear               Hex            ##........   54%         4    #####..
 Leda's Liquefaction      Hex/Erth       #.........   77%         4    #####..


Dungeon Overview and Level Annotations

Branches:
Dungeon (2/15)

Altars:


Innate Abilities, Weirdness & Mutations

You are small and have problems with some larger weapons.
You are carnivorous and can eat meat at any time.


Message History

You completely miss the adder.
You feel sick. The adder barely misses you.
You take 1 damage, and have 8/20 hp.
You hit the adder but do no damage. The adder barely misses you.
You hit the adder. The adder bites you but does no damage.
You closely miss the adder. The adder misses you. The adder barely misses you.
You hit the adder but do no damage.
You feel sick. The adder bites you.
* * * LOW HITPOINT WARNING * * *
You are lethally poisoned!
The adder poisons you!
You take 4 damage, and have 4/20 hp.
You don't have enough magic to cast that spell.
Aim: an adder (almost dead, chance to defeat MR: 54%)
The adder is outlined in light.
* * * LOW MAGIC WARNING * * *
The adder closely misses you.
You now have 0/5 mp.
You barely miss the adder.
* * * LOW HITPOINT WARNING * * *
You feel sick. The adder closely misses you. The adder bites you.
You die...

###.......#..## .#
............#.####.#
..รท................#
.####.####........## .#
...............##
.#############.....# ##
.. ..............#.^....
###############.###....#
... ....#>.##@...##. ##
#.#...S>#### #.....###
#.#..## #?.# #(.# #..#
#... .....


You could see an adder (corona).

Levels and vault maps discovered:
D:1:      wander_arrival_chamber, layout_basic
D:2:      layout_rooms, old_standard_altar,
          chequers_ecumenical_altar_simple_redux, serial_co_window_serial,
          co_window_paths_a, co_window_paths_a, co_window_paths_a,
          co_window_corner_a, co_window_paths_a, co_window_paths_a,
          co_window_broadway_c, co_window_broadway_b, co_window_2corner,
          co_window_of_opportunity_c, co_window_paths_e, co_window_sun,
          glass_columns_b, glass_columns_a, uniq_natasha

Notes
Turn   | Place    | Note
-------+----------+-------------------------------------------
     0 | D:1      | lepoulpe303 the Kobold Arcane Marksman began the quest for
                  | the Orb.
     0 | D:1      | Reached XP level 1. HP: 12/12 MP: 2/2
   107 | D:1      | Reached XP level 2. HP: 16/16 MP: 0/4
   111 | D:1      | Learned a level 2 spell: Slow
   125 | D:1      | Identified a +0 dagger (You found it on level 1 of the
                  | Dungeon)
   134 | D:1      | Identified a +0 hand crossbow
   185 | D:1      | Identified a +0 club
   367 | D:1      | Identified a +0 club
   846 | D:1      | Identified a +0 club
   858 | D:1      | Reached XP level 3. HP: 13/20 MP: 5/5
  1043 | D:1      | Identified a +0 club
  1114 | D:1      | Identified 2 scrolls of identify
  1114 | D:1      | Identified a ring of teleportation (You found it on level 1
                  | of the Dungeon)
  1209 | D:2      | HP: 4/20 [adder (3)]
  1211 | D:2      | Slain by an adder

Table legend:
 A = Turns spent in this place as a percentage of turns spent in the entire game.
 B = Non-inter-level travel turns spent in this place as a percentage of non-inter-level travel turns spent in the entire game.
 C = Inter-level travel turns spent in this place as a percentage of turns spent in this place.
 D = Turns resting spent in this place as a percentage of non-inter-level travel turns spent in this place.
 E = Turns spent auto-exploring this place as a percentage of non-inter-level travel turns spent in this place.
 F = Non-inter-level travel turns spent in this place divided by the number of levels of this place that you've seen.
                   A       B       C       D       E      F
               +-------+-------+-------+-------+-------+----------------------
         Total | 100.0 | 100.0 |   2.1 |  27.9 |  51.9 | 592.5
       Dungeon | 100.0 | 100.0 |   2.1 |  27.9 |  51.9 | 592.5
               +-------+-------+-------+-------+-------+----------------------

Table legend:
 A = Kills in this place as a percentage of kills in entire the game.
 B = Kills by you in this place as a percentage of kills by you in the entire game.
 C = Kills by friends in this place as a percentage of kills by friends in the entire game.
 D = Other kills in this place as a percentage of other kills in the entire game.
 E = Experience gained in this place as a percentage of experience gained in the entire game.
 F = Experience gained in this place divided by the number of levels of this place that you have seen.
                   A       B       C       D       E      F
               +-------+-------+-------+-------+-------+----------------------
         Total | 100.0 | 100.0 |   N/A |   N/A | 100.0 |  18.0
       Dungeon | 100.0 | 100.0 |   N/A |   N/A | 100.0 |  18.0
               +-------+-------+-------+-------+-------+----------------------

Action                   || total
-------------------------++-------
Melee: Dagger            ||    97
 Fire: Hand crossbow     ||    15
 Cast: Corona            ||     6
       Slow              ||     4
  Use: Scroll            ||     1
 Stab: Sleeping          ||     3
  Eat: Chunk             ||    10
Armor: Robe              ||    29
Dodge: Dodged            ||   135

Vanquished Creatures
  A dart slug (D:1)
  2 giant cockroaches (D:1)
  3 goblins (D:1)
  3 hobgoblins (D:1)
  A quokka (D:2)
  7 bats (D:1)
  2 kobolds (D:1)
  5 rats (D:1)
24 creatures vanquished.
